 Dungeon Crawl Stone Soup version 0.17-b1-20-g63edfd6 (webtiles) character file.

147 4thArraOfDagon the Chopper (level 5, 6/49 HPs)
             Began as a Deep Dwarf Berserker on Nov 4, 2015.
             Was a Follower of Trog.
             Quit the game on level 6 of the Dungeon.
             The game lasted 00:02:21 (332 turns).

4thArraOfDagon the Chopper (Deep Dwarf Berserker)    Turns: 332, Time: 00:02:21

Health: 6/49       AC:  5    Str: 21    XL:     5   Next: 8%
Magic:  4/6        EV: 12    Int:  8    God:    Trog [*.....]
Gold:   11         SH:  0    Dex: 12    Spells: 0 memorised, 4 levels left

rFire  . . .     SeeInvis .     a - +0 hand axe
rCold  . . .     Clarity  .     b - +0 animal skin
rNeg   . . .     SustAt   .     (no shield)
rPois  +         Gourm    .     (no helmet)
rElec  .         Spirit   .     (no cloak)
rCorr  .         Warding  .     (no gloves)
rMut   .         Stasis   .     l - +2 pair of boots
MR     .....                    (no amulet)
Stlth  +.........               (no ring)
                                e - ring of poison resistance

@: mildly poisoned (6 -> 6), exhausted, non-regenerating, slowed, very slow, not
resistant to hostile enchantments, very unstealthy
A: damage resistance, recharge devices, mutation resistance 1, sense
surroundings 1, slow regeneration 3
a: Device Recharging, Berserk, Burn Spellbooks, Renounce Religion


You were on level 6 of the Dungeon.
You worshipped Trog.
Trog was aware of your devotion.
You were very hungry.

You visited 1 branch of the dungeon, and saw 6 of its levels.

You collected 11 gold pieces.

Inventory:

Hand Weapons
 a - a +0 hand axe (weapon)
Armour
 b - a +0 animal skin (worn)
 l - a +2 pair of boots (worn)
Jewellery
 e - a ring of poison resistance (left hand)
Wands
 c - a wand of heal wounds (3)
Scrolls
 g - 2 scrolls of random uselessness
Comestibles
 d - a bread ration
 j - 4 chunks of flesh


   Skills:
 + Level 3.3 Fighting
 * Level 4.9 Axes
 + Level 3.2 Armour
 - Level 2.1 Dodging
 + Level 2.0 Evocations


You had 4 spell levels left.
You didn't know any spells.

Dungeon Overview and Level Annotations

Branches:
Dungeon (6/15)
 Temple: D:4-7

Altars:
Cheibriados

Annotations:
D:4 4thArraOfDagon's ghost, amateur TeWn


Innate Abilities, Weirdness & Mutations

You are resistant to damage.
You can recharge devices by infusing magical energy.
You passively map a small area around you.
You do not regenerate naturally.
You are somewhat resistant to further mutation.


Message History

You hit the killer bee.
The killer bee is lightly wounded.
The killer bee barely misses you. The killer bee stings you.
* * * LOW HITPOINT WARNING * * *
The killer bee stings you.
* * * LOW HITPOINT WARNING * * *
You are too injured to fight recklessly!
You barely miss the killer bee.
The killer bee is lightly wounded.
The killer bee closely misses you.
The killer bee stings you but does no damage.
The killer bee closely misses you.
Unknown command.
You barely miss the killer bee.
The killer bee is lightly wounded.
The killer bee stings you.
* * * LOW HITPOINT WARNING * * *
The killer bee closely misses you. x2
Unknown command.
Are you sure you want to abandon this character and quit the game? (Confirm with "yes".)

, * * ,, ,
*, * * * *
# * , * ,
.# , .. , ,
, *#.
####..####,
,
....(sy@.#,
*
####..##.#
* * #., #.#
# *#.#, *
#.# #.#, ,
, , #<# * *
, #.#, #.#


You could see a scorpion and a killer bee.

Vanquished Creatures
  3 killer bees (D:6)
  A worker ant (D:4)
  A giant gecko (D:2)
  A goblin (D:2)
6 creatures vanquished.

Notes
Turn   | Place    | Note
--------------------------------------------------------------
     0 | D:1      | 4thArraOfDagon the Deep Dwarf Berserker began the quest for the Orb.
     0 | D:1      | Reached XP level 1. HP: 20/20 MP: 1/1
    60 | D:2      | Found a faded altar to an unknown god.
   109 | D:2      | Found a snail-covered altar of Cheibriados.
   123 | D:2      | :(
   182 | D:4      | Noticed a worker ant
   187 | D:4      | Killed a worker ant
   187 | D:4      | Reached skill level 4 in Axes
   187 | D:4      | Reached XP level 2. HP: 27/27 MP: 2/2
   196 | D:4      | Noticed 4thArraOfDagon's ghost (amateur TeWn)
   257 | D:4      | Noticed a phantom
   280 | D:4      | Noticed a scorpion
   288 | D:5      | Entered Level 5 of the Dungeon
   297 | D:6      | Noticed a scorpion
   297 | D:6      | Noticed a killer bee
   297 | D:6      | Noticed a killer bee
   298 | D:6      | Noticed a killer bee
   298 | D:6      | Noticed a killer bee
   304 | D:6      | Gained mutation: You are somewhat resistant to further mutation. [potion of beneficial mutation]
   311 | D:6      | Killed a killer bee
   311 | D:6      | Reached skill level 1 in Evocations
   311 | D:6      | Reached XP level 3. HP: 26/34 MP: 3/3
   314 | D:6      | Killed a killer bee
   314 | D:6      | Reached XP level 4. HP: 32/42 MP: 3/5
   322 | D:6      | Killed a killer bee
   322 | D:6      | Reached XP level 5. HP: 26/49 MP: 3/6
   332 | D:6      | Quit the game

Action                   |  1- 3 |  4- 6 || total
-------------------------+-------+-------++-------
Melee: Hand axe          |    15 |    16 ||    31
Invok: Berserk           |     3 |       ||     3
Evoke: Wand              |     1 |     1 ||     2
  Use: Potion            |     3 |       ||     3
       Scroll            |     2 |       ||     2
